 Dungeon Crawl Stone Soup version 0.31-a0-360-gb3e1d13bf4 (webtiles) character file.

Game seed: 696188048099634926

288 dohliylev the Stinger (level 6, 0/32 HPs)
             Began as a Gargoyle Venom Mage on July 26, 2023.
             Slain by a phantom (6 damage)
             ... on level 5 of the Dungeon on July 27, 2023.
             The game lasted 00:18:43 (4193 turns).

dohliylev the Stinger (Gargoyle Venom Mage)         Turns: 4193, Time: 00:18:43

Health: 0/32       AC:  6    Str: 14    XL:     6   Next: 31%
Magic:  8/11       EV: 12    Int: 15    God:
Gold:   182        SH:  0    Dex: 10    Spells: 2/12 levels left

rFire   . . .        j - staff of conjuration
rCold   + . .        (no shield)
rNeg    + . .        a - +0 robe
rPois   ∞            (no helmet)
rElec   +            (no cloak)
rCorr   .            (no gloves)
SInv    .            (no boots)
Will    .....        (no amulet)
Stlth   ++           d - ring of wizardry
HPRegen 0.25/turn    f - ring of flight
MPRegen 0.12/turn

%: random rage (3%), wizardry (x1)
@: mighty, attractive, flying
A: sickness immunity, AC +4, negative energy resistance 1, electricity
resistance, torment resistance 1, petrification resistance, berserk 1, cold
resistance 1, MP-powered wands
a: no special abilities


You were on level 5 of the Dungeon.
You visited 1 branch of the dungeon, and saw 5 of its levels.

You collected 182 gold pieces.

Inventory:

Hand Weapons
 p - a +0 flail
Armour
 a - a +0 robe (worn)
Magical Staves
 j - a staff of conjuration (weapon)
Jewellery
 d - a ring of wizardry (left hand)
 f - a ring of flight (right hand)
 i - a ring of protection from fire
Scrolls
 g - a scroll of enchant weapon
 h - a scroll of blinking {unknown}
 l - a scroll of identify
 m - a scroll of teleportation {unknown}
 n - a scroll of enchant armour {unknown}
 o - a scroll of torment {unknown}
 r - a scroll of noise {unknown}
Potions
 s - a potion of ambrosia {unknown}


   Skills:
 + Level 0.3 Fighting
 + Level 1.8 Dodging
 - Level 2.1 Stealth
 + Level 3.6 Spellcasting
 + Level 2.2 Transmutations
 + Level 1.3 Air Magic
 + Level 4.5 Poison Magic


You had 2 spell levels left.
You knew the following spells:

 Your Spells              Type           Power      Damage    Failure   Level
a - Sting                 Tmut/Pois      52%        1d5       1%          1
b - Poisonous Vapours     Pois/Air       22%        N/A       3%          2
c - Mephitic Cloud        Conj/Pois/Air  12%        N/A       11%         3
d - Olgreb's Toxic Radia  Pois           16%        N/A       12%         4

Your spell library contained the following spells:

 Spells                   Type           Power      Damage    Failure   Level
 Magic Dart               Conj           16%        1d3       8%          1
 Call Imp                 Summ           4%         N/A       12%         2


Dungeon Overview and Level Annotations

Branches:
Dungeon (5/15)
 Temple: D:4-7

Altars:
Ashenzari
Fedhas
Vehumet

Shops:
D:2 *


Innate Abilities, Weirdness & Mutations

You are immune to sickness and miasma.
Your stone body is resilient. (AC +4)
You are immune to poison.
You resist negative energy. (rN+)
You are resistant to electric shocks. (rElec)
You are resistant to unholy torment.
You are immune to petrification.
You sometimes lose your temper in combat.
Your flesh is cold resistant. (rC+)
You expend magic power (3 MP) to strengthen your wands.


Message History

Aim: a phantom (moderately damaged, 60% to hit)
The sting hits the phantom but does no damage.
The phantom is moderately damaged.
The phantom barely misses you.
Aiming: Sting (safe; 1% risk of failure)
Press: ? - help, Q - select action, (/) - cycle Shift-Dir - straight line, f/p - phantom
Aim: a phantom (moderately damaged, 60% to hit)
The sting misses the phantom.
The phantom hits you.
* * * LOW HITPOINT WARNING * * *
The phantom blinks!
You blink.
Aiming: Sting (safe; 1% risk of failure)
Press: ? - help, Q - select action, (/) - cycle Shift-Dir - straight line, f/p - phantom
Aim: a phantom (moderately damaged, 60% to hit)
The sting hits the phantom.
The phantom is moderately damaged.
The phantom hits you but does no damage.
Aiming: Sting (safe; 1% risk of failure)
Press: ? - help, Q - select action, (/) - cycle Shift-Dir - straight line, f/p - phantom
Aim: a phantom (moderately damaged, 60% to hit)
The sting hits the phantom but does no damage.
The phantom is moderately damaged.
The phantom hits you.
* * * LOW HITPOINT WARNING * * *
The phantom blinks!
You blink.
Found a whip.
It was a potion of attraction.
You feel attractive to monsters.
The phantom hits you but does no damage.
It was a potion of mutation.
You feel extremely strange.
You feel your magical essence link to the dungeon's wands.
You feel a little pissed off.
You feel resistant to cold. The phantom hits you.
* * * LOW HITPOINT WARNING * * *
It was a potion of curing.
You feel better. The phantom hits you.
* * * LOW HITPOINT WARNING * * *
The phantom blinks!
You blink.
Found a whip.
It was a potion of might.
You feel very mighty all of a sudden. The phantom hits you.
You die...

## #### .....# #
##.#..# #.#.....#
........#########
#.#.....W...§...#
#.....)@#######.#
#.##.#.## #.# #.
#.# .. #.+ ..#
#.# ... ##.# ....
##.<# ..)..
####...###+#
+............


You could see a phantom.

Vanquished Creatures
  Sigmund (D:2)
  Jessica (D:2)
  4 adders
  2 worms (D:2)
  An orc (D:3)
  4 endoplasms
  3 giant cockroaches
  6 goblins
  5 hobgoblins
  4 jackals (D:4)
  5 quokkas
  11 ball pythons
  8 bats
  6 frilled lizards
  3 kobolds
  6 rats
70 creatures vanquished.

Notes
Turn   | Place    | Note
-------+----------+-------------------------------------------
     0 | D:1      | dohliylev the Gargoyle Venom Mage began the quest for the
                  | Orb.
     0 | D:1      | Reached XP level 1. HP: 10/10 MP: 3/3
   193 | D:1      | Reached XP level 2. HP: 15/15 MP: 0/5
   567 | D:1      | Reached skill level 1 in Transmutations
   914 | D:2      | Reached XP level 3. HP: 17/19 MP: 0/6
  1027 | D:2      | Learned a level 2 spell: Poisonous Vapours
  1051 | D:2      | Noticed Sigmund
  1171 | D:2      | Noticed Jessica
  1182 | D:2      | Killed Jessica
  1183 | D:2      | Reached XP level 4. HP: 17/24 MP: 1/7
  1246 | D:2      | Learned a level 3 spell: Mephitic Cloud
  1910 | D:2      | Found a radiant altar of Vehumet.
  2155 | D:2      | Killed Sigmund
  2156 | D:2      | Reached skill level 1 in Air Magic
  2156 | D:2      | Reached skill level 4 in Poison Magic
  2156 | D:2      | Reached XP level 5. HP: 28/28 MP: 0/10
  2156 | D:2      | Reached XP level 6. HP: 32/32 MP: 0/11
  2528 | D:2      | Found Itruyc Tyfu's Assorted Antiques.
  2689 | D:3      | Learned a level 4 spell: Olgreb's Toxic Radiance
  3044 | D:3      | Found a broken altar of Ashenzari.
  3459 | D:3      | Found a blossoming altar of Fedhas.
  4173 | D:5      | Entered Level 5 of the Dungeon
  4191 | D:5      | Gained mutation: You expend magic power (3 MP) to
                  | strengthen your wands. [potion of mutation]
  4191 | D:5      | Gained mutation: You sometimes lose your temper in combat.
                  | [potion of mutation]
  4191 | D:5      | Gained mutation: Your flesh is cold resistant. (rC+)
                  | [potion of mutation]
  4193 | D:5      | Slain by a phantom

Illustrated notes

Levels and vault maps discovered:
D:1:      dpeg_arrival_oval, layout_rooms, roderic_roman_lattice
D:2:      layout_loops_corners, serial_shops, nicolae_shop_just_a_little_nook,
          basic_altar, serial_bayou_pond_b, uniq_sigmund, uniq_jessica
D:3:      layout_loops_corners, amcnicky_altar_gilded, fedhas_altar_4
D:4:      layout_basic, makhleb_heckhound_becter
D:5:      black_bear_nest_2, layout_loops_corners, led_xom_imps, temple_green,
          cheibrodos_sewer_entry_drain

Skill      XL: |  1  2  3  4 |
---------------+-------------+-----
Transmutations | 1 2 |  2.2
Spellcasting   | 3 |  3.6
Air Magic      | 1 |  1.3
Poison Magic   | 4 |  4.5
Fighting       | |  0.3
Dodging        | |  1.8
Stealth        | |  2.1

Action                     |  1- 3 |  4- 6 || total
---------------------------+-------+-------++-------
  Melee: Unarmed           |     5 |       ||     5
         Staff             |       |     8 ||     8
   Cast: Sting             |    46 |    56 ||   102
         Poisonous Vapours |     7 |    39 ||    46
         Mephitic Cloud    |       |     4 ||     4
         Olgreb's Toxic Ra |       |     4 ||     4
    Use: Potion            |       |     5 ||     5
         Scroll            |       |     1 ||     1
 Armour: Robe              |    15 |    25 ||    40
  Dodge: Dodged            |    39 |    33 ||    72

Table legend: (Time is in decaauts)
 A = Elapsed time spent in this place.
 B = Non-inter-level travel time spent in this place.
 C = Inter-level travel time spent in this place.
 D = Time resting spent in this place.
 E = Time spent auto-exploring this place.
 F = Levels seen in this place.
 G = Mean time per level.
                   A        B        C        D        E       F      G
               +--------+--------+--------+--------+--------+-----+--------+
         Total |   4192 |   4152 |     40 |   1381 |   1753 |   5 |  838.4 |
       Dungeon |   4192 |   4152 |     40 |   1381 |   1753 |   5 |  838.4 |
               +--------+--------+--------+--------+--------+-----+--------+

Top non-repeatable levels by time:
     D:2: 1605 daAuts
     D:3: 1405 daAuts
     D:1: 930 daAuts
     D:4: 231 daAuts
     D:5: 19 daAuts
